 Dungeon Crawl Stone Soup version 0.31.0-11-ge490571c62 (webtiles) character file.

Game seed: 11136707114025000609

13927 jagang the Fighter (level 12, -6/99 HPs)
             Began as a Human Monk on Jan 26, 2024.
             Was a Priest of the Shining One.
             Killed from afar by an acid dragon (26 damage)
             ... with a splash of acid
             ... on level 10 of the Dungeon.
             The game lasted 00:37:01 (9671 turns).

jagang the Fighter (Human Monk)                     Turns: 9671, Time: 00:37:02

Health: -6/99      AC: 15    Str: 11    XL:     12   Next: 11%
Magic:  17/17      EV:  6    Int: 13    God:    the Shining One [***...]
Gold:   802        SH: 12    Dex: 27    Spells: 11/11 levels left

rFire   + . .        A - +11 long sword of Fij Yfom {heavy, Int+2}
rCold   + . .        S - +0 kite shield
rNeg    + . .        o - +1 chain mail {rC+}
rPois   .            p - +1 helmet
rElec   .            (no cloak)
rCorr   .            G - +0 pair of gloves
SInv    .            (no boots)
Will    .....        e - amulet of regeneration Stlth
                     m - +6 ring of dexterity
HPRegen 1.16/turn    Q - ring of protection from fire
MPRegen 0.15/turn

%: no passive effects
@: glowing
A: explore regen
a: Renounce Religion, Divine Shield, Cleansing Flame


You were on level 10 of the Dungeon.
You worshipped the Shining One.
The Shining One was most pleased with you.
You visited 2 branches of the dungeon, and saw 11 of its levels.
You also visited: Bailey.

You collected 802 gold pieces.

Inventory:

Hand Weapons
 A - the +11 long sword of Fij Yfom (weapon) {heavy, Int+2}
   (You found it on level 5 of the Dungeon)

   Int+2:     It affects your intelligence (+2).
 P - the +6 morningstar "Xiosch" {freeze, rN+}
   (You found it on level 8 of the Dungeon)

   rN+:       It protects you from negative energy.
 R - a +0 scimitar
Missiles
 z - 17 boomerangs
 H - 43 poisoned darts (quivered)
Armour
 a - a +1 scale mail of fire resistance
 o - a +1 chain mail of cold resistance (worn)
 p - a +1 helmet (worn)
 C - a +0 plate armour
 G - a +0 pair of gloves (worn)
 S - a +0 kite shield (worn)
Jewellery
 d - an amulet of guardian spirit
 e - an amulet of regeneration (around neck)
 m - a +6 ring of dexterity (left hand)
 r - an amulet of the acrobat
 x - a +6 ring of strength
 B - a ring of willpower
 M - the ring of Giorph {Fly Slay+3}
   (You acquired it in a bailey)

   [ring of flight]

   Slay+3:    It affects your accuracy & damage with ranged weapons and melee
   (+3).
   Fly:       It grants you flight.
 Q - a ring of protection from fire (right hand)
Wands
 h - a wand of roots (7)
 D - a wand of mindburst (14)
 K - a wand of paralysis (22)
 O - a wand of acid (7)
Scrolls
 b - 2 scrolls of amnesia
 f - a scroll of summoning
 g - 3 scrolls of fog
 i - a scroll of vulnerability
 l - 2 scrolls of silence
 n - 6 scrolls of teleportation
 q - a scroll of poison
 v - 2 scrolls of revelation
 w - 4 scrolls of enchant weapon {unknown}
 y - 2 scrolls of enchant armour {unknown}
 F - 2 scrolls of fear {unknown}
 I - 2 scrolls of brand weapon {unknown}
 J - a scroll of immolation {unknown}
Potions
 c - a potion of ambrosia
 j - 4 potions of curing
 k - 3 potions of might {unknown}
 t - 3 potions of lignification {unknown}
 u - a potion of mutation {unknown}
 E - 2 potions of brilliance {unknown}
 L - a potion of invisibility {unknown}
 N - a potion of haste {unknown}


   Skills:
 * Level 10.6 Fighting
 * Level 10.5 Long Blades
 - Level 3.0 Maces & Flails
 - Level 3.0 Throwing
 + Level 8.1 Armour
 - Level 3.0 Dodging
 + Level 6.1 Shields
 + Level 7.0 Invocations
 - Level 1.0 Evocations


You had 11 spell levels left.
You didn't know any spells.
Your spell library contained the following spells:

 Spells                   Type           Power      Damage    Failure   Level
 Apportation              Tloc           0%         N/A       100%        1
 Necrotise                Necr           0%         1d4       100%        1
 Slow                     Hex            0%         N/A       100%        1
 Sting                    Conj/Alch      0%         1d3       100%        1
 Summon Small Mammal      Summ           0%         N/A       100%        1
 Ensorcelled Hibernation  Hex/Ice        0%         N/A       100%        2
 Momentum Strike          Conj/Tloc      0%         3d8       100%        2
 Static Discharge         Conj/Air       0%         3-3/arc   100%        2
 Confusing Touch          Hex            0%         N/A       100%        3
 Fugue of the Fallen      Necr           0%         N/A       100%        3
 Hailstorm                Conj/Ice       0%         3d5       100%        3
 Inner Flame              Hex/Fire       0%         N/A       100%        3
 Ozocubu's Armour         Ice            0%         N/A       100%        3
 Sigil of Binding         Hex            0%         N/A       100%        3
 Summon Ice Beast         Ice/Summ       0%         N/A       100%        3
 Vampiric Draining        Necr           0%         2d6       100%        3
 Anguish                  Hex/Necr       0%         N/A       100%        4
 Flame Wave               Conj/Fire      0%         2d4       100%        4
 Manifold Assault         Tloc           0%         N/A       100%        4
 Sticky Flame             Fire/Alch      0%         2d4       100%        4
 Sculpt Simulacrum        Ice/Alch       0%         N/A       100%        6
 Fire Storm               Conj/Fire      0%         5d1       100%        9


Dungeon Overview and Level Annotations

Branches:
Dungeon (10/15)            Temple (1/1) D:4            Lair (0/5) D:10
 Bailey (visited)
    Orc: D:9-12

Altars:
Ashenzari
Cheibriados
Dithmenos
Elyvilon
Fedhas
Gozag
Hepliaklqana
Kikubaaqudgha
Makhleb
Okawaru
Qazlal
Ru
Trog
Uskayaw
Vehumet
Wu Jian
Xom
Yredelemnul
Zin
The Shining One

Shops:
D:4 (


Innate Abilities, Weirdness & Mutations

You regain HP and MP as you explore.


Message History

* * * LOW HITPOINT WARNING * * *
The deep elf pyromancer points at you and mumbles some strange words.
The bolt of fire hits you. You resist.
* * * LOW HITPOINT WARNING * * *
You chop the deep elf pyromancer into pieces!!!
The deep elf pyromancer is almost dead.
The fire elemental hits you. The fire elemental burns you! You resist.
* * * LOW HITPOINT WARNING * * *
The deep elf pyromancer hits you with a +0 dagger.
* * * LOW HITPOINT WARNING * * *
You block the fire elemental's attack.
Blink to where?
Press: ? - help, Dir - move target
As you read the scroll of blinking, it crumbles to dust.
You see here a +0 shortbow.
Items here: )))) ††.
You start resting.
A deep elf pyromancer is nearby!
The fire elemental disappears in a puff of smoke!
The fire elemental hits you. The fire elemental burns you! You resist.
* * * LOW HITPOINT WARNING * * *
You see here a +0 shortbow.
You closely miss the deep elf pyromancer.
The deep elf pyromancer is almost dead.
You block the fire elemental's attack.
The deep elf pyromancer barely misses you.
The fire elemental hits you. The fire elemental burns you! You resist.
* * * LOW HITPOINT WARNING * * *
The deep elf pyromancer closely misses you.
You block the fire elemental's attack.
You slice the deep elf pyromancer!!
You kill the deep elf pyromancer!
The fire elemental disappears in a puff of smoke! x2
Items here: )))) ††.
You start resting.
An acid dragon is nearby!
You barely miss the acid dragon. The acid dragon spits acid at you.
The splash of acid hits you!!
You die...

#.#E.##○..#.e§e###
#.#§###...#....#
#.#.###..##....#
#.#......###......
#.#.....## #...#..
#.#D..### #...#$.
#.#.#### ##..# .
#.#....#### #..# #
#@#.°.....####..
#.D)........##
###..........##
#.###.####..# #.#
#...##..## #.#
#....#...#
#.###....#...#
#.(##........##
#..#######....#


You could see an acid dragon (catching breath).

Vanquished Creatures
  An orc warlord (Bailey)
  2 two-headed ogres (D:10)
  A deep elf knight (D:9)
  An arcanist (D:9)
  Pikel (D:9)
  An orc knight (Bailey)
  A deep elf pyromancer (D:10)
  A troll (D:9)
  Grinder (D:3)
  Prince Ribbit (D:5)
  A hornet (D:6)
  Sigmund (D:2)
  3 wraiths (D:9)
  3 shadows (D:9)
  2 wyverns (D:9)
  5 yaks (D:9)
  An acid dragon (D:10)
  A water moccasin (D:6)
  3 black bears
  2 ice beasts
  2 sky beasts
  15 orc warriors
  2 ogres
  2 wolves (D:10)
  2 phantoms
  11 centaurs
  5 kobold brigands
  3 bullfrogs
  3 gnoll sergeants
  4 scorpions
  14 killer bees
  An electric eel (D:8)
  A howler monkey (D:9)
  A bombardier beetle (D:4)
  2 quasits (D:5)
  6 hounds
  4 gnoll boudas
  6 orc priests
  3 jellies
  3 sleepcaps
  Jessica (D:2)
  2 iguanas (D:7)
  Terence (D:3)
  5 orc wizards
  24 gnolls
  10 adders
  A river rat (D:3)
  4 shadow imps (D:5)
  5 white imps
  7 ufetubi (D:5)
  3 dart slugs (D:2)
  3 ribbon worms (D:3)
  34 orcs
  9 ball pythons
  5 endoplasms
  8 giant cockroaches
  23 goblins
  19 hobgoblins
  3 jackals (D:3)
  5 quokkas
  4 bats
  4 frilled lizards
  17 kobolds
  8 rats
328 creatures vanquished.

Notes
Turn   | Place    | Note
-------+----------+-------------------------------------------
     0 | D:1      | jagang the Human Monk began the quest for the Orb.
     0 | D:1      | Reached XP level 1. HP: 18/18 MP: 1/1
   256 | D:1      | Reached XP level 2. HP: 24/24 MP: 2/2
   604 | D:1      | Found a faded altar of an unknown god.
   610 | D:1      | Reached skill level 1 in Armour
  1105 | D:2      | Reached XP level 3. HP: 29/29 MP: 3/3
  1108 | D:2      | Noticed Jessica
  1119 | D:2      | Killed Jessica
  1124 | D:2      | Reached XP level 4. HP: 37/37 MP: 4/4
  1376 | D:2      | Noticed Sigmund
  1396 | D:2      | Killed Sigmund
  1397 | D:2      | Reached XP level 5. HP: 12/43 MP: 5/5
  1397 | D:2      | Reached XP level 6. HP: 13/49 MP: 6/6
  2052 | D:3      | Noticed Terence
  2053 | D:3      | Noticed Grinder
  2080 | D:3      | Killed Grinder
  2081 | D:3      | Reached skill level 5 in Fighting
  2081 | D:3      | Reached skill level 5 in Long Blades
  2081 | D:3      | Reached skill level 1 in Invocations
  2081 | D:3      | Reached XP level 7. HP: 28/56 MP: 7/7
  2086 | D:3      | Killed Terence
  3271 | D:4      | Found Heaga's Antique Weapon Shop.
  3354 | D:4      | Found a staircase to the Ecumenical Temple.
  3363 | Temple   | Entered the Ecumenical Temple
  3453 | D:4      | Reached XP level 8. HP: 57/64 MP: 9/9
  3922 | D:5      | Entered Level 5 of the Dungeon
  3936 | D:5      | Reached skill level 1 in Shields
  4000 | D:5      | Reached skill level 5 in Armour
  4054 | D:5      | Identified the +11 long sword of Fij Yfom {heavy, Int+2}
  4126 | D:5      | Reached skill level 1 in Throwing
  4401 | D:5      | Noticed Prince Ribbit
  4405 | D:5      | Killed Prince Ribbit
  4571 | D:5      | Found a burning altar of Makhleb.
  4657 | D:5      | Found a snail-covered altar of Cheibriados.
  4658 | D:5      | Found an opulent altar of Gozag.
  4662 | D:5      | Found a shadowy altar of Dithmenos.
  4717 | D:5      | Reached XP level 9. HP: 61/71 MP: 11/11
  5646 | D:7      | Noticed a hornet
  5653 | D:6      | Killed a hornet
  6081 | D:7      | HP: 3/74 [poisoned by a killer bee]
  6147 | D:8      | Reached XP level 10. HP: 80/80 MP: 13/13
  6152 | D:8      | Identified the +6 morningstar "Xiosch" {freeze, rN+}
  6171 | D:8      | Found a flagged portal.
  6222 | Bailey   | Entered a bailey
  6344 | Bailey   | Reached skill level 1 in Evocations
  6521 | Bailey   | Reached skill level 5 in Invocations
  6541 | Bailey   | Identified the +4 mace of Dissatisfaction {venom, Fly rElec
                  | rPois Dex+3}
  6558 | Bailey   | Noticed an orc knight
  6573 | Bailey   | Noticed an orc warlord
  6574 | Bailey   | Killed an orc knight
  6593 | Bailey   | Killed an orc warlord
  6723 | Bailey   | Acquired the ring of Giorph {Fly Slay+3}
  7147 | D:8      | Found a glowing golden altar of the Shining One.
  7148 | D:8      | Found a sacrificial altar of Ru.
  7830 | D:8      | Reached XP level 11. HP: 89/89 MP: 15/15
  7877 | D:8      | Became a worshipper of the Shining One
  7877 | D:8      | Reached * piety under the Shining One
  7877 | D:8      | Reached ** piety under the Shining One
  8132 | D:9      | Reached skill level 5 in Shields
  8166 | D:9      | Noticed Pikel
  8169 | D:9      | Killed Pikel
  8374 | D:9      | Noticed an arcanist
  8386 | D:9      | Killed an arcanist
  8387 | D:9      | Reached skill level 1 in Maces & Flails
  8429 | D:9      | Noticed a deep elf knight
  8437 | D:9      | Killed a deep elf knight
  8443 | D:9      | Reached skill level 10 in Fighting
  8446 | D:9      | Reached skill level 10 in Long Blades
  8539 | D:9      | Got the Writings on Assaults
  9078 | D:9      | Reached *** piety under the Shining One
  9413 | D:10     | Entered Level 10 of the Dungeon
  9472 | D:10     | Found a staircase to the Lair.
  9525 | D:10     | Noticed a two-headed ogre
  9526 | D:10     | Noticed a two-headed ogre
  9535 | D:10     | Killed a two-headed ogre
  9539 | D:10     | Killed a two-headed ogre
  9540 | D:10     | Reached XP level 12. HP: 53/98 MP: 17/17
  9641 | D:10     | The Shining One protects you from harm!
  9642 | D:10     | The Shining One protects you from harm!
  9654 | D:10     | HP: 3/98 [deep elf pyromancer/+0 dagger (2)]
  9671 | D:10     | Killed from afar by an acid dragon

Illustrated notes

Levels and vault maps discovered:
D:1:      spicycebolla_green_bress_n_ham_2, layout_loops_corners, serial_rivers,
          chequers_serial_rivers_micro_c, chequers_serial_rivers_room_a,
          chequers_serial_rivers_small_3, chequers_serial_rivers_room_b,
          chequers_serial_rivers_small_3, chequers_serial_rivers_micro_b,
          hellmonk_ecumenical_altar_run_dry
D:2:      layout_rooms, serial_rivers, chequers_serial_rivers_micro_b,
          chequers_serial_rivers_micro_b, chequers_serial_rivers_small_b,
          chequers_serial_rivers_small_a, chequers_serial_rivers_small_b,
          minmay_pentomino_t4, uniq_jessica, uniq_sigmund
D:3:      minmay_door_path, layout_basic, portal_sewer_entry_e, uniq_terence,
          uniq_grinder
D:4:      layout_rooms, temple_fountains, serial_shops, shop, lightli_minifort
D:5:      layout_gridville, lightli_temple_of_fire, minitemple, serial_demonic,
          serial_demonic_f, serial_demonic_b, serial_demonic_f,
          serial_demonic_c, serial_demonic_b, serial_demonic_b,
          serial_demonic_g, serial_demonic_a, serial_demonic_a,
          serial_demonic_a, uniq_prince_ribbit1
D:6:      layout_basic
D:7:      layout_cave_pools, minmay_holes
D:8:      layout_layer_cave, jmf_multi_god_temple, enter_bailey_5,
          kennysheep_donut
D:9:      kennysheep_housing_project, layout_long_grid, nzn_random_ring,
          uniq_pikel
D:10:     minmay_recursive_quarters, layout_basic, nemelex_diamond_rough_becter,
          amcnicky_altar_gilded, erik_lair_orcish_takeover
Temple:   minmay_temple_curvy_branch

Skill      XL: |  1  2  3  4  5  6  7  8  9 10 11 12 |
---------------+-------------------------------------+-----
Armour         | 1 3 4 5 6 7 8 |  8.1
Fighting       | 4 5 6 7 9 10 | 10.6
Long Blades    | 4 5 6 7 9 10 | 10.5
Invocations    | 1 2 3 4 5 6 7 |  7.0
Shields        | 2 3 4 6 |  6.1
Throwing       | 1 3 |  3.0
Evocations     | 1 |  1.0
Maces & Flails | 3 |  3.0
Dodging        | |  3.0

Action                     |  1- 3 |  4- 6 |  7- 9 | 10-12 || total
---------------------------+-------+-------+-------+-------++-------
  Melee: Falchion          |    59 |   105 |   216 |       ||   380
         Long sword        |       |       |   104 |   284 ||   388
  Throw: Boomerang         |       |       |    33 |    27 ||    60
         Dart              |       |       |       |    19 ||    19
  Evoke: Wand              |       |       |     1 |    11 ||    12
    Use: Scroll            |       |       |     8 |     4 ||    12
         Potion            |       |       |     1 |     1 ||     2
 Armour: Robe              |     4 |       |       |       ||     4
         Scale mail        |    29 |    76 |     4 |       ||   109
         Chain mail        |       |       |   429 |   345 ||   774
  Dodge: Dodged            |    32 |    47 |   221 |   110 ||   410
  Block: Buckler           |       |       |    58 |    99 ||   157
         Kite shield       |       |       |       |   111 ||   111
